 Dungeon Crawl Stone Soup version 0.17.1-1-g73c8601 (webtiles) character file.

279 Goblin1989 the Sneak (level 6, -1/30 HPs)
             Began as a Vine Stalker Assassin on Jan 2, 2016.
             Killed by divine providence
             ... invoked by an orc priest
              (13 damage)
             ... on level 5 of the Dungeon.
             The game lasted 00:13:37 (2554 turns).

Goblin1989 the Sneak (Vine Stalker Assassin)        Turns: 2554, Time: 00:13:38

Health: -1/30      AC:  6    Str: 13    XL:     6   Next: 26%
Magic:  0/7        EV: 11    Int: 11    God:
Gold:   152        SH:  0    Dex: 18    Spells: 0 memorised, 5 levels left

rFire  . . .     SeeInvis .     b - +0 blowgun
rCold  . . .     Clarity  .     m - +2 leather armour of the Spheres {rElec}
rNeg   . . .     SustAt   .     (no shield)
rPois  .         Gourm    .     (no helmet)
rElec  +         Spirit   +     d - +0 cloak
rCorr  .         Warding  .     (no gloves)
rMut   .         Stasis   .     (no boots)
MR     .....                    (no amulet)
Stlth  +++.......               (no ring)
                                (no ring)

@: not resistant to hostile enchantments, fairly stealthy
A: fangs 2, regeneration 2, magic shield, antimagic bite, no device heal 3, rot
immunity
a: no special abilities


You were on level 5 of the Dungeon.
You were not hungry.

You visited 1 branch of the dungeon, and saw 5 of its levels.

You collected 152 gold pieces.

Inventory:

Hand Weapons
 a - a +2 dagger
 b - a +0 blowgun (weapon)
 w - the +5 trident "Vine's Doom" {pierce, -Tele Int+4 Dex+5}
   (You found it on level 4 of the Dungeon)

   It inflicts extra damage upon your enemies.
   It affects your intelligence (+4).
   It affects your dexterity (+5).
   It prevents most forms of teleportation.
Missiles
 e - 18 poisoned needles (quivered)
 f - a curare-tipped needle
Armour
 d - a +0 cloak (worn)
 m - the +2 leather armour of the Spheres (worn) {rElec}
   (You found it on level 4 of the Dungeon)

   It insulates you from electricity.
Scrolls
 i - 5 scrolls of identify {unknown}
 l - 4 scrolls of remove curse {unknown}
 n - 2 scrolls of teleportation {unknown}
 p - a scroll of recharging {unknown}
 s - a scroll of amnesia {unknown}
 u - a scroll of blinking {unknown}
 v - a scroll of fear {unknown}
Potions
 c - a potion of curing
 o - a potion of haste {unknown}
 q - a potion of flight {unknown}
 r - a potion of mutation {unknown}
 t - a potion of berserk rage {unknown}
Comestibles
 g - 3 bread rations
 h - 8 fruits
 j - a meat ration
 k - a slice of pizza
 z - a beef jerky


   Skills:
 - Level 1.7 Fighting
 * Level 4.7 Short Blades
 - Level 1.7 Throwing
 - Level 0.7 Dodging
 + Level 6.8 Stealth


You had 5 spell levels left.
You didn't know any spells.

Dungeon Overview and Level Annotations

Branches:
Dungeon (5/15)
 Temple: D:4-7

Altars:
Qazlal
Sif Muna
Vehumet
The Shining One

Annotations:
D:2 Sigmund


Innate Abilities, Weirdness & Mutations

You have extremely sharp teeth.
You heal very quickly.
When hurt, damage is shared between your health and your magic reserves.
Your bite disrupts and absorbs the magic of your enemies.
Potions and wands cannot restore your health.
You are immune to rotting.


Message History

Aim: an orc priest You shoot a poisoned needle.
The poisoned needle hits the orc wizard!
The orc wizard is poisoned.
The orc wizard hits you but does no damage.
The orc wizard hits you with a dagger. The orc wizard barely misses you.
The orc wizard casts a spell at you. The puff of frost hits you!
You see here 16 stones.
Firing (i - inventory. (,) - cycle):
e - 19 poisoned needles (quivered)
Press: ? - help, Shift-Dir - straight line, p - orc priest You shoot a poisoned needle.
The poisoned needle hits the orc wizard!
The orc wizard looks even sicker.
The orc wizard is moderately wounded.
The orc wizard barely misses you.
The orc priest invokes the aid of Beogh against you.
Something smites you!
You die...

#...##.# #.# #..###.# #.#
#..###.## #.# ........#
#.# ####### #..###..# #.#
######..(.((. #..# #..#
#.# #.o.o[.o..# #..# #..#
#.# #.####.##.#
#..###..#####.#####.####.#
#...............@oo..o...#
##......##.....)...#######
#####..##...#####.#
#..##..## #.# #......# #.#
#....#.# #.# ##...#.# #>#
#...#.# #.# ..( .# #.#


You could see an orc priest, an orc wizard and an orc.

Vanquished Creatures
  A crimson imp (D:5)
  A jelly (D:5)
  2 orc priests
  Jessica (D:3)
  2 worker ants (D:5)
  A hound zombie (D:5)
  An ooze (D:3)
  A worm (D:4)
  An adder skeleton (D:4)
  2 giant geckos
  6 orcs
  2 bats
  3 giant cockroaches
  6 hobgoblins
  6 jackals
  4 kobolds
  2 quokkas (D:3)
  4 giant newts
  7 goblins
  2 rats (D:1)
55 creatures vanquished.

Notes
Turn   | Place    | Note
--------------------------------------------------------------
     0 | D:1      | Goblin1989 the Vine Stalker Assassin began the quest for the Orb.
     0 | D:1      | Reached XP level 1. HP: 11/11 MP: 2/2
   158 | D:1      | Reached skill level 5 in Stealth
   179 | D:1      | Reached XP level 2. HP: 15/15 MP: 3/3
   664 | D:2      | Found a radiant altar of Vehumet.
   811 | D:2      | Noticed Sigmund
   874 | D:3      | Noticed Jessica
   876 | D:3      | Reached XP level 3. HP: 18/18 MP: 4/4
   878 | D:3      | Killed Jessica
   939 | D:3      | Reached XP level 4. HP: 17/23 MP: 5/5
  1106 | D:3      | Found a glowing golden altar of the Shining One.
  1383 | D:3      | Found a stormy altar of Qazlal.
  1596 | D:4      | Reached skill level 6 in Stealth
  1596 | D:4      | Reached XP level 5. HP: 20/26 MP: 6/6
  1885 | D:4      | Got a fine trident
  1886 | D:4      | Identified the +5 trident "Vine's Doom" {pierce, -Tele Int+4 Dex+5} (You found it on level 4 of the Dungeon)
  1920 | D:4      | Found a deep blue altar of Sif Muna.
  1932 | D:4      | Got a crude leather armour
  1943 | D:4      | Identified the +2 leather armour of the Spheres {rElec} (You found it on level 4 of the Dungeon)
  2196 | D:5      | Entered Level 5 of the Dungeon
  2334 | D:5      | Gained mutation: You heal very quickly. [Vine Stalker growth]
  2334 | D:5      | Reached XP level 6. HP: 30/30 MP: 7/7
  2394 | D:5      | Noticed a sky beast
  2554 | D:5      | Killed from afar by an orc priest

Action                   |  1- 3 |  4- 6 || total
-------------------------+-------+-------++-------
Melee: Dagger            |    57 |   138 ||   195
 Fire: Blowgun           |     3 |     9 ||    12
  Use: Potion            |       |     1 ||     1
 Stab: Sleeping          |     9 |     8 ||    17
  Eat: Chunk             |       |     3 ||     3
       Royal jelly       |       |     1 ||     1
